 Dungeon Sprint DCSS version 0.31.0-12-g77e489cdc1 (webtiles) character file.

Game seed: 9988304553681078742

10800000 Minsecho the Axe Maniac (level 27, -4/228 HPs)
             Began as a Djinni Gladiator on Feb 17, 2024.
             Was the Champion of Makhleb.
             Killed by divine providence
             ... invoked by an accursed
              (8 damage)
             ... in the Dungeon (Sprint VIII: "Arena of Blood").
             The game lasted 00:08:27 (108 turns).

Minsecho the Axe Maniac (Djinni Gladiator)           Turns: 108, Time: 00:08:28

Health: -4/228     AC:  8    Str: 19    XL:     27
Gold:   0          EV: 34    Int: 11    God:    Makhleb [******] SH:  0 Dex: 22

rFire   + + .        k - +∞ Axe of Woe
rCold   x . .        (shield currently unavailable)
rNeg    . . .        b - +0 leather armour
rPois   ∞            c - +0 helmet
rElec   .            (no cloak)
rCorr   .            (no gloves)
SInv    .            (boots unavailable)
Will    ++...        (no amulet)
Stlth   ++++++++++   (no ring)
HPRegen 0.58/turn    (no ring)
MPRegen 0.00/turn

%: no teleportation, infuse magic (-5 HP)
@: on death's door cooldown, flying, hasted and slowed
A: sickness immunity, fire resistance 2, cold vulnerability 1, float, innate
caster, HP casting, extra vitality 1
a: Renounce Religion, Minor Destruction, Lesser Servant of Makhleb, Major
Destruction, Greater Servant of Makhleb


You were in the Dungeon.
You worshipped Makhleb.
Makhleb was exalted by your worship.
You visited 1 branch

Inventory:

Hand Weapons
 a - a +0 war axe
 k - the +∞ Axe of Woe (weapon)
   (You found it in the Dungeon)
Missiles
 d - 3 throwing nets (quivered)
 e - a javelin
Armour
 b - a +0 leather armour (worn)
 c - a +0 helmet (worn)
Potions
 f - a potion of curing
 g - a potion of heal wounds
 i - a potion of berserk rage


   Skills:
 O Level 27 Fighting
 O Level 27 Short Blades
 O Level 27 Long Blades
 O Level 27 Axes
 O Level 27 Maces & Flails
 O Level 27 Polearms
 O Level 27 Staves
 O Level 27 Ranged Weapons
 O Level 27 Throwing
 O Level 27 Armour
 O Level 27 Dodging
 O Level 27 Stealth
 O Level 27 Shields
 O Level 27 Unarmed Combat
 O Level 27 Spellcasting
 O Level 27 Conjurations
 O Level 27 Hexes
 O Level 27 Summonings
 O Level 27 Necromancy
 O Level 27 Translocations
 O Level 27 Fire Magic
 O Level 27 Ice Magic
 O Level 27 Air Magic
 O Level 27 Earth Magic
 O Level 27 Alchemy
 O Level 27 Invocations
 O Level 27 Evocations
 O Level 27 Shapeshifting


You knew the following spells:

 Your Spells              Type           Power      Damage    Failure   Level
a - Magic Dart            Conj           100%       1d8       0%          1
b - Static Discharge      Conj/Air       100%       3-8/arc   0%          2
c - Searing Ray           Conj           100%       2d8       0%          2
d - Animate Armour        Summ/Erth      100%       N/A       0%          4
e - Petrify               Alch/Erth      65%        N/A       0%          4
f - Iskenderun's Battles  Conj           65%        2d11      0%          5
g - Death Channel         Necr           32%        N/A       0%          6
h - Eringya's Noxious Bo  Alch           32%        4d6       0%          6
i - Malign Gateway        Summ/Tloc      32%        N/A       1%          7
j - Disjunction           Tloc           32%        N/A       1%          8
k - Summon Hydra          Summ           32%        N/A       1%          7
l - Polar Vortex          Ice            32%        12d4*     3%          9
m - Death's Door          Necr           32%        N/A       3%          9
Your spell library was empty.

Dungeon Overview and Level Annotations

Branches:
Dungeon (1/1)

Altars:
Makhleb

Annotations:
D The Servant


Innate Abilities, Weirdness & Mutations

You are immune to sickness and miasma.
You are immune to poison.
Your flesh is very heat resistant. (rF++)
You are vulnerable to cold. (rC-)
You float through the air rather than walking.
You learn spells naturally, not from books.
Your magical power is your life essence.
You have superior vitality. (+4 MHP)


Message History

The air twists around and strikes you!!
The eight-headed meat hydra calls on the powers of darkness!
The eight-headed meat hydra convulses!
The scourge convulses!
Your body is wracked with pain!
The bag of meat convulses! x2
The eight-headed meat hydra convulses!
The bag of meat convulses! x4
The Servant convulses!
The eight-headed meat hydra convulses! x2
The bag of meat convulses! x2
The bag of meat hits you with a +9 war axe!!!
A bag of meat comes into view. It is wielding a +9 war axe. x2
The accursed casts a spell at you. Something smites you!
The bag of meat hits you with a +9 war axe!!
The tyrant gestures wildly while chanting.
The tyrant seems to speed up.
Unknown command.
Unknown command.
Your life is in your own hands again!
The large abomination is engulfed in blazing flames.
The eight-headed meat hydra calls on the powers of darkness!
The eight-headed meat hydra convulses!
The Servant convulses!
The bag of meat convulses! x9; Something is bathed in an unholy light!
The bag of meat convulses! x2; Something is bathed in an unholy light!
The bag of meat convulses!
The scourge convulses!
The bag of meat convulses!
Your body is wracked with pain!
* * * LOW HITPOINT WARNING * * *
The bag of meat convulses! x6; The scourge convulses!
The bag of meat convulses!
The tyrant barely misses you.
The eight-headed meat hydra calls on the powers of darkness!
The eight-headed meat hydra convulses!
The scourge convulses!
Something is bathed in an unholy light!
Your body is wracked with pain!
* * * LOW HITPOINT WARNING * * *
The bag of meat convulses!
The eight-headed meat hydra convulses!
The bag of meat convulses!
The Servant convulses!
The bag of meat convulses!
The eight-headed meat hydra convulses!
The bag of meat convulses! x2
Something is bathed in an unholy light!
The bag of meat convulses!
The bag of meat completely misses you.
The tyrant is engulfed in blazing flames.
The accursed casts a spell at you. Something smites you!
You die...

....## #. ##
.W.... .. .. .
###...D.##.##. ..
.......X...... M..
#......L.X.#.#....
#....D.WXXoS......
#....oXXoo§.....o
V.#..o.oVo@oSX....
...o..)ooooL..o...
......))oX@XMo....
.....#ML☼LoDX#..D
...M


#)XooXXM# .... ...###○X)X.o.###... ..XoXX###.o.).... .......o.))....oo
....#..M))#.... You could see 5 accurseds, 2 tentacled monstrosities, 4 tyrants,
The Servant, 4 eight-headed meat hydras, a destroyer, 2 scourges, 15 large
abominations, 2 dreads and 23 bags of meat.

Vanquished Creatures
  Sigmund (D)
  9 hell beasts (D)
  4 royal mummies (D)
  6 wraiths (D)
  A great orb of eyes (D)
  21 vampire knights (D)
  40 ogres (D)
  7 two-headed ogres (D)
  2 liches (D)
  4 hydras (D)
  6 phantoms (D)
  92 orcs (D)
  9 skeletal warriors (D)
202 creatures vanquished.

Vanquished Creatures (others)
  4 ogres (D)
  5 two-headed ogres (D)
  10 orcs (D)
19 creatures vanquished.

Grand Total: 221 creatures vanquished

Notes
Turn   | Place    | Note
-------+----------+-------------------------------------------
     0 | D        | Found the +∞ Axe of Woe
     0 | D        | Minsecho the Djinni Gladiator began the quest for the Orb.
     0 | D        | Reached XP level 1. HP: 18/18 MP: 0/0
     2 | D        | Noticed a bag of meat
     4 | D        | Became a worshipper of Makhleb the Destroyer
     5 | D        | Noticed a bag of meat
     5 | D        | Noticed a bag of meat
     5 | D        | Noticed a meat berserker
     5 | D        | Noticed a bag of meat
     6 | D        | Killed a meat berserker
     6 | D        | Noticed a bag of meat
     6 | D        | Noticed a bag of meat
     7 | D        | Reached XP level 2. HP: 38/38 MP: 0/0
     7 | D        | Reached XP level 3. HP: 43/43 MP: 0/0
     7 | D        | Learned a level 1 spell: Magic Dart
     7 | D        | Reached XP level 4. HP: 49/49 MP: 0/0
     7 | D        | Reached XP level 5. HP: 55/55 MP: 0/0
     7 | D        | Learned a level 2 spell: Static Discharge
     7 | D        | Reached XP level 6. HP: 61/61 MP: 0/0
     7 | D        | Reached XP level 7. HP: 67/67 MP: 0/0
     7 | D        | Learned a level 2 spell: Searing Ray
     7 | D        | Reached XP level 8. HP: 72/72 MP: 0/0
     7 | D        | Reached XP level 9. HP: 77/77 MP: 0/0
     7 | D        | Learned a level 4 spell: Animate Armour
     7 | D        | Reached XP level 10. HP: 84/84 MP: 0/0
     7 | D        | Reached XP level 11. HP: 89/89 MP: 0/0
     7 | D        | Learned a level 4 spell: Petrify
     7 | D        | Reached XP level 12. HP: 95/95 MP: 0/0
     8 | D        | Noticed a bag of meat
     9 | D        | Killed a bag of meat
     9 | D        | Reached * piety under Makhleb
     9 | D        | Noticed a bag of meat
     9 | D        | Noticed a bag of meat
    10 | D        | Reached XP level 13. HP: 103/103 MP: 0/0
    10 | D        | Learned a level 5 spell: Iskenderun's Battlesphere
    10 | D        | Killed a bag of meat
    10 | D        | Noticed a bag of meat
    11 | D        | Killed a bag of meat
    11 | D        | Noticed a bag of meat
    12 | D        | Reached XP level 14. HP: 112/112 MP: 0/0
    12 | D        | Killed a bag of meat
    12 | D        | Reached ** piety under Makhleb
    12 | D        | Killed a bag of meat
    12 | D        | Noticed a meat berserker
    12 | D        | Noticed a bag of meat
    13 | D        | Killed a bag of meat
    14 | D        | Reached skill level 10 in Throwing
    14 | D        | Reached XP level 15. HP: 122/122 MP: 0/0
    14 | D        | Learned a level 6 spell: Death Channel
    14 | D        | Reached *** piety under Makhleb
    16 | D        | Noticed a meat berserker
    18 | D        | Killed a meat berserker
    18 | D        | Noticed a meat berserker
    18 | D        | Noticed a meat berserker
    19 | D        | Reached XP level 16. HP: 135/135 MP: 0/0
    19 | D        | Reached **** piety under Makhleb
    20 | D        | Reached skill level 27 in Axes
    20 | D        | Noticed a large bag of meat
    21 | D        | Reached skill level 10 in Spellcasting
    21 | D        | Reached skill level 10 in Conjurations
    21 | D        | Reached skill level 10 in Hexes
    21 | D        | Reached skill level 10 in Summonings
    21 | D        | Reached skill level 10 in Necromancy
    21 | D        | Reached skill level 10 in Translocations
    21 | D        | Reached skill level 10 in Fire Magic
    21 | D        | Reached skill level 10 in Ice Magic
    21 | D        | Reached skill level 10 in Air Magic
    21 | D        | Reached skill level 10 in Earth Magic
    21 | D        | Reached skill level 10 in Alchemy
    21 | D        | Reached XP level 17. HP: 146/146 MP: 0/0
    21 | D        | Learned a level 6 spell: Eringya's Noxious Bog
    21 | D        | Noticed a meat berserker
    22 | D        | Killed a meat berserker
    22 | D        | Reached ***** piety under Makhleb
    23 | D        | Reached skill level 27 in Dodging
    23 | D        | Killed a meat berserker
    23 | D        | Noticed a large bag of meat
    24 | D        | Reached skill level 15 in Throwing
    24 | D        | Reached skill level 15 in Spellcasting
    24 | D        | Reached skill level 15 in Conjurations
    24 | D        | Reached skill level 15 in Hexes
    24 | D        | Reached skill level 15 in Summonings
    24 | D        | Reached skill level 15 in Necromancy
    24 | D        | Reached skill level 15 in Translocations
    24 | D        | Reached skill level 15 in Fire Magic
    24 | D        | Reached skill level 15 in Ice Magic
    24 | D        | Reached skill level 15 in Air Magic
    24 | D        | Reached skill level 15 in Earth Magic
    24 | D        | Reached skill level 15 in Alchemy
    24 | D        | Killed a large bag of meat
    25 | D        | Reached XP level 18. HP: 160/166 MP: 0/0
    25 | D        | Killed a meat berserker
    26 | D        | Reached skill level 27 in Fighting
    26 | D        | Killed a meat berserker
    26 | D        | Reached ****** piety under Makhleb
    27 | D        | Reached XP level 19. HP: 174/174 MP: 0/0
    27 | D        | Learned a level 7 spell: Malign Gateway
    28 | D        | Noticed an eight-headed meat hydra
    29 | D        | Reached skill level 27 in Spellcasting
    29 | D        | Reached skill level 27 in Conjurations
    29 | D        | Reached skill level 27 in Hexes
    29 | D        | Reached skill level 27 in Summonings
    29 | D        | Reached skill level 27 in Necromancy
    29 | D        | Reached skill level 27 in Translocations
    29 | D        | Reached skill level 27 in Fire Magic
    29 | D        | Reached skill level 27 in Ice Magic
    29 | D        | Reached skill level 27 in Air Magic
    29 | D        | Reached skill level 27 in Earth Magic
    29 | D        | Reached skill level 27 in Alchemy
    29 | D        | Reached XP level 20. HP: 181/181 MP: 0/0
    29 | D        | Noticed a destroyer
    32 | D        | Reached skill level 27 in Throwing
    32 | D        | Noticed a destroyer
    34 | D        | Killed a destroyer
    34 | D        | Noticed a meat berserker
    35 | D        | Reached skill level 5 in Polearms
    35 | D        | Reached skill level 5 in Ranged Weapons
    35 | D        | Reached skill level 5 in Shapeshifting
    35 | D        | Reached XP level 21. HP: 180/187 MP: 0/0
    35 | D        | Learned a level 8 spell: Disjunction
    35 | D        | Noticed a destroyer
    35 | D        | Noticed a large bag of meat
    35 | D        | Noticed a destroyer
    36 | D        | Noticed a destroyer
    36 | D        | Killed a large bag of meat
    38 | D        | Killed a destroyer
    39 | D        | Reached skill level 10 in Armour
    39 | D        | Reached skill level 10 in Shields
    39 | D        | Reached skill level 10 in Unarmed Combat
    39 | D        | Reached skill level 10 in Invocations
    39 | D        | Reached skill level 10 in Evocations
    39 | D        | Noticed a destroyer
    40 | D        | Killed a destroyer
    41 | D        | Reached skill level 10 in Short Blades
    41 | D        | Reached skill level 10 in Long Blades
    41 | D        | Reached skill level 10 in Staves
    41 | D        | Reached skill level 10 in Stealth
    41 | D        | Reached XP level 22. HP: 97/194 MP: 0/0
    41 | D        | Noticed a meat berserker
    41 | D        | Noticed a large bag of meat
    42 | D        | Killed a meat berserker
    43 | D        | Reached skill level 10 in Polearms
    43 | D        | Reached skill level 10 in Ranged Weapons
    43 | D        | Reached skill level 10 in Shapeshifting
    43 | D        | Noticed a destroyer
    45 | D        | Killed a destroyer
    45 | D        | Killed a destroyer
    45 | D        | Noticed a destroyer
    47 | D        | Killed a destroyer
    47 | D        | Noticed a meat berserker
    48 | D        | Reached skill level 15 in Armour
    48 | D        | Reached skill level 15 in Shields
    48 | D        | Reached skill level 15 in Unarmed Combat
    48 | D        | Reached skill level 15 in Invocations
    48 | D        | Reached skill level 15 in Evocations
    48 | D        | Reached XP level 23. HP: 74/201 MP: 0/0
    48 | D        | Learned a level 7 spell: Summon Hydra
    48 | D        | Killed a large bag of meat
    49 | D        | Noticed a destroyer
    49 | D        | Noticed a destroyer
    49 | D        | Noticed a destroyer
    51 | D        | Killed a large bag of meat
    52 | D        | Killed a destroyer
    54 | D        | Noticed an accursed
    55 | D        | Killed a destroyer
    55 | D        | Noticed The Servant
    56 | D        | Reached skill level 27 in Stealth
    56 | D        | Reached XP level 24. HP: 193/208 MP: 0/0
    56 | D        | Killed a destroyer
    57 | D        | Reached skill level 15 in Polearms
    57 | D        | Reached skill level 15 in Ranged Weapons
    57 | D        | Reached skill level 15 in Shapeshifting
    58 | D        | Noticed a tyrant
    59 | D        | Noticed The Captor
    60 | D        | Reached XP level 25. HP: 197/214 MP: 0/0
    60 | D        | Learned a level 9 spell: Polar Vortex
    60 | D        | Killed a destroyer
    60 | D        | Noticed a tyrant
    61 | D        | Killed a destroyer
    63 | D        | Noticed a meat beast
    65 | D        | Reached XP level 26. HP: 90/221 MP: 0/0
    65 | D        | Noticed a dread
    65 | D        | Killed a dread
    66 | D        | Noticed an accursed
    66 | D        | Noticed a large bag of meat
    67 | D        | Reached skill level 27 in Armour
    67 | D        | Noticed a dread
    67 | D        | Killed a dread
    67 | D        | Noticed a destroyer
    68 | D        | Reached XP level 27. HP: 117/228 MP: 0/0
    68 | D        | Learned a level 9 spell: Death's Door
    68 | D        | Killed a meat beast
    69 | D        | Killed an accursed
    70 | D        | Noticed a large bag of meat
    70 | D        | HP: 7/228 [The Servant/+9 glaive of flaming (13)]
    70 | D        | Noticed a large bag of meat
    70 | D        | Noticed a destroyer
    71 | D        | Reached skill level 27 in Shields
    71 | D        | Reached skill level 27 in Unarmed Combat
    71 | D        | Reached skill level 27 in Invocations
    71 | D        | Reached skill level 27 in Evocations
    71 | D        | Noticed a tyrant
    73 | D        | Noticed a large bag of meat
    73 | D        | Noticed a large bag of meat
    73 | D        | Noticed a meat beast
    73 | D        | Noticed a dread
    73 | D        | Noticed a dread
    73 | D        | Noticed a tyrant
    73 | D        | Noticed a destroyer
    73 | D        | Noticed a large bag of meat
    73 | D        | Noticed a dread
    73 | D        | Noticed a destroyer
    73 | D        | Noticed a destroyer
    73 | D        | Noticed a large bag of meat
    75 | D        | Killed a destroyer
    75 | D        | Noticed an accursed
    75 | D        | Noticed an accursed
    76 | D        | Killed a tyrant
    76 | D        | Killed a destroyer
    76 | D        | Killed a dread
    76 | D        | Noticed a dread
    76 | D        | Killed a large bag of meat
    77 | D        | Reached skill level 27 in Short Blades
    77 | D        | Reached skill level 27 in Long Blades
    77 | D        | Reached skill level 27 in Polearms
    77 | D        | Reached skill level 27 in Staves
    77 | D        | Reached skill level 27 in Ranged Weapons
    77 | D        | Reached skill level 27 in Shapeshifting
    77 | D        | Killed a meat beast
    77 | D        | Killed a destroyer
    78 | D        | Reached skill level 27 in Maces & Flails
    79 | D        | Killed a large bag of meat
    80 | D        | Killed a dread
    80 | D        | Noticed an accursed
    80 | D        | Noticed a dread
    80 | D        | Noticed a destroyer
    81 | D        | Noticed a meat beast
    81 | D        | Killed a large bag of meat
    81 | D        | Noticed a destroyer
    82 | D        | Noticed a meat beast
    85 | D        | Killed a large bag of meat
    85 | D        | Noticed a meat beast
    85 | D        | Noticed a meat beast
    86 | D        | Killed a destroyer
    86 | D        | Killed a tyrant
    86 | D        | Killed a meat beast
    87 | D        | Killed an accursed
    87 | D        | Killed a dread
    87 | D        | Noticed a meat beast
    87 | D        | Noticed a destroyer
    88 | D        | Killed The Captor
    88 | D        | Noticed a meat beast
    88 | D        | Noticed a meat beast
    88 | D        | Noticed a destroyer
    88 | D        | Noticed a destroyer
    89 | D        | Killed a large bag of meat
    89 | D        | HP: 7/228 [accursed/divine providence (10)]
    90 | D        | Noticed a tyrant
    90 | D        | Killed a meat beast
    90 | D        | Killed a destroyer
    91 | D        | Killed a meat beast
    91 | D        | Killed a destroyer
    92 | D        | Killed a meat beast
    92 | D        | Killed a meat beast
    93 | D        | Killed a meat beast
    94 | D        | Noticed an accursed
    95 | D        | Killed a meat beast
    95 | D        | Killed a destroyer
    95 | D        | Killed a destroyer
    95 | D        | Noticed a destroyer
    95 | D        | Noticed a destroyer
    95 | D        | Killed a large bag of meat
    97 | D        | Killed a destroyer
    97 | D        | Noticed a tyrant
    98 | D        | Killed a large bag of meat
    99 | D        | Noticed an accursed
    99 | D        | Killed an accursed
   101 | D        | Killed an accursed
   102 | D        | Killed a dread
   102 | D        | Killed a destroyer
   103 | D        | Noticed an accursed
   105 | D        | Noticed an accursed
   106 | D        | Killed a large bag of meat
   107 | D        | Noticed a dread
   108 | D        | HP: 5/228 [??? (2)]
   108 | D        | Killed from afar by an accursed

Illustrated notes

Levels and vault maps discovered:
D:        meatsprint

Skill      XL: |  1  2  3  4  5  6  7  8  9 10 11 12 13 14 15 16 17 18 19 20 21 22 23 24 25 26 27 |
---------------+----------------------------------------------------------------------------------+-----
Fighting       | 12 13 14 16 19 21 26 27 | 27.0
Axes           | 18 20 22 24 26 27 | 27.0
Throwing       | 7 8 9 10 12 13 16 20 24 27 | 27.0
Dodging        | 16 17 19 21 24 25 27 | 27.0
Spellcasting   | 7 10 17 23 27 | 27.0
Conjurations   | 7 10 17 23 27 | 27.0
Hexes          | 7 10 17 23 27 | 27.0
Summonings     | 7 10 17 23 27 | 27.0
Necromancy     | 7 10 17 23 27 | 27.0
Translocations | 7 10 17 23 27 | 27.0
Fire Magic     | 7 10 17 23 27 | 27.0
Ice Magic      | 7 10 17 23 27 | 27.0
Air Magic      | 7 10 17 23 27 | 27.0
Earth Magic    | 7 10 17 23 27 | 27.0
Alchemy        | 7 10 17 23 27 | 27.0
Short Blades   | 6 10 14 17 20 22 27 | 27.0
Long Blades    | 6 10 14 17 20 22 27 | 27.0
Polearms       | 5 9 13 16 18 20 27 | 27.0
Staves         | 6 10 14 17 20 22 27 | 27.0
Ranged Weapons | 5 9 13 16 18 20 27 | 27.0
Armour         | 6 11 15 19 21 27 | 27.0
Stealth        | 6 10 14 27 | 27.0
Shields        | 6 11 15 19 21 24 27 | 27.0
Unarmed Combat | 6 11 15 19 21 24 27 | 27.0
Invocations    | 6 11 15 19 21 24 27 | 27.0
Evocations     | 6 11 15 19 21 24 27 | 27.0
Shapeshifting  | 5 9 13 16 18 20 27 | 27.0
Maces & Flails | 27 | 27.0

Action                     |  1- 3 |  4- 6 |  7- 9 | 10-12 | 13-15 | 16-18 | 19-21 | 22-24 | 25-27 || total
---------------------------+-------+-------+-------+-------+-------+-------+-------+-------+-------++-------
  Melee: Executioner's axe |     1 |       |       |     1 |     7 |     7 |    12 |    16 |    40 ||    84
   Cast: Death's Door      |       |       |       |       |       |       |       |       |     1 ||     1
    Use: Scroll            |       |       |       |       |       |       |       |       |     1 ||     1
         Potion            |       |       |       |       |       |       |       |       |     1 ||     1
 Armour: Leather armour    |       |       |       |       |       |     1 |     2 |    10 |    75 ||    88
  Dodge: Dodged            |       |       |       |       |       |       |       |       |    11 ||    11
